 Dungeon Crawl Stone Soup version 0.27.1-4-g1640c2035a (webtiles) character file.

Game seed: 11725249826738843355

334 Stomo444 the Skirmisher (level 6, -6/33 HPs)
             Began as a Vine Stalker Fighter on Nov 17, 2021.
             Mangled by a troll (8 damage)
             ... on level 6 of the Dungeon.
             The game lasted 00:04:20 (2376 turns).

Stomo444 the Skirmisher (Vine Stalker Fighter)      Turns: 2376, Time: 00:04:22

Health: -6/33      AC: 13    Str: 21    XL:     6   Next: 53%
Magic:  0/7        EV:  8    Int: 14    God:
Gold:   181        SH: 10    Dex: 15    Spells: 5/5 levels left

rFire    x . .     SeeInvis .   a - +0 flail
rCold    . . .     Faith    .   c - +0 kite shield
rNeg     . . .     Spirit   +   b - +0 scale mail
rPois    .         Reflect  .   (no helmet)
rElec    +         Harm     .   s - +1 cloak "Guic" {rElec rF- Dex+2}
rCorr    .         Rampage  .   (no gloves)
Will     .....                  (no boots)
Stlth    ..........             (no amulet)
HPRegen  1.11/turn              e - +4 ring of protection
MPRegen  0.10/turn              p - +6 ring of intelligence

@: no status effects
A: fangs 2, regeneration 1, magic shield, antimagic bite, no potion heal 2
a: no special abilities


You were on level 6 of the Dungeon.
You visited 1 branch of the dungeon, and saw 4 of its levels.

You collected 181 gold pieces.

Inventory:

Hand Weapons
 a - a +0 flail (weapon)
Armour
 b - a +0 scale mail (worn)
 c - a +0 kite shield (worn)
 s - the +1 cloak "Guic" (worn) {rElec rF- Dex+2}
   (You found it on level 6 of the Dungeon)

   Dex:       It affects your dexterity (+2).
   rF:        It makes you vulnerable to fire.
   rElec:     It insulates you from electricity.
Jewellery
 e - a +4 ring of protection (left hand)
 g - a ring of wizardry
 l - a ring of positive energy
 p - a +6 ring of intelligence (right hand)
Wands
 t - a wand of mindburst (17)
Scrolls
 k - 2 scrolls of immolation {unknown}
 m - 2 scrolls of identify {unknown}
 o - a scroll of blinking {unknown}
 q - a scroll of amnesia {unknown}
 r - 2 scrolls of enchant weapon {unknown}
Potions
 d - 2 potions of might
 f - 2 potions of curing {unknown}
 h - 2 potions of flight {unknown}
 i - 2 potions of lignification {unknown}
 j - 2 potions of haste {unknown}
 n - a potion of mutation {unknown}


   Skills:
 + Level 3.7 Fighting
 + Level 3.1 Maces & Flails
 + Level 3.3 Armour
 + Level 2.0 Dodging
 + Level 3.7 Shields


You had 5 spell levels left.
You didn't know any spells.
Your spell library contained the following spells:

 Spells                   Type           Power      Damage    Failure   Level
 Call Canine Familiar     Summ           0%         N/A       100%        3
 Portal Projectile        Hex/Tloc       0%         N/A       100%        3
 Leda's Liquefaction      Hex/Erth       0%         N/A       100%        4


Dungeon Overview and Level Annotations

Branches:
Dungeon (3/15)             Temple (0/1) D:6

Altars:
Lugonu

Annotations:
D:3 2 runed translucent doors


Innate Abilities, Weirdness & Mutations

You have extremely sharp teeth.
Your natural rate of healing is unusually fast.
When hurt, damage is shared between your health and your magic reserves.
Your bite disrupts and absorbs the magic of your enemies.
Potions cannot restore your health.


Message History

You hit the troll.
The troll is severely wounded.
The troll bites you! The troll claws you. x2
* * * LOW HITPOINT WARNING * * *
The troll bites you but does no damage. You block the troll's attack.
The troll barely misses you.
You hit the troll. Your bite misses the troll.
The troll is severely wounded.
You block the troll's attack. x2; The troll claws you but does no damage.
You sock the troll!
The troll is heavily wounded.
You block the troll's attack. The troll claws you but does no damage.
You block the troll's attack. The troll bites you.
You block the troll's attack. The troll closely misses you.
You barely miss the troll.
The troll is heavily wounded.
The troll barely misses you. The troll claws you!
The troll claws you but does no damage.
You hit the troll but do no damage.
The troll is heavily wounded.
You block the troll's attack. The troll claws you but does no damage.
You block the troll's attack.
Unknown command.
You hit the troll but do no damage.
The troll is heavily wounded.
You block the troll's attack.
The troll claws you but does no damage. x2
The troll bites you but does no damage. You block the troll's attack.
The troll barely misses you.
You sock the troll!
The troll is severely wounded.
You block the troll's attack. x3
Unknown command.
Your shield prevents you from hitting the troll.
Your bite misses the troll.
The troll is severely wounded.
The troll bites you! The troll misses you. You block the troll's attack.
The troll bites you!
* * * LOW HITPOINT WARNING * * *
You block the troll's attack. The troll claws you!
You die...

######## #......#
#.####.# #.# #.#
#.# #.#
############.####T#
............>##.@.#
########.###.##.###
#..##.##.#
##.##.##.#
#.##.##.# #.##..#.#
######..#..#.#
#..........#.#
#.##......##.#


You could see a troll.

Vanquished Creatures
  A scorpion (D:3)
  2 hounds (D:6)
  A centaur zombie (D:6)
  3 iguanas
  2 adders (D:2)
  A white imp (D:6)
  A worm (D:2)
  A dart slug (D:2)
  7 endoplasms
  4 giant cockroaches
  11 goblins
  6 hobgoblins
  3 jackals (D:1)
  4 quokkas
  9 ball pythons
  6 bats
  4 frilled lizards
  6 kobolds
  5 rats
77 creatures vanquished.

Notes
Turn   | Place    | Note
-------+----------+-------------------------------------------
     0 | D:1      | Stomo444 the Vine Stalker Fighter began the quest for the
                  | Orb.
     0 | D:1      | Reached XP level 1. HP: 11/11 MP: 2/2
    55 | D:1      | Reached XP level 2. HP: 7/16 MP: 3/3
   156 | D:1      | Reached XP level 3. HP: 8/19 MP: 4/4
   496 | D:1      | Found a faded altar of an unknown god.
   886 | D:2      | Reached skill level 1 in Dodging
  1117 | D:2      | Gained mutation: Your natural rate of healing is unusually
                  | fast. [Vine Stalker growth]
  1117 | D:2      | Reached XP level 4. HP: 13/24 MP: 2/5
  1526 | D:2      | Reached XP level 5. HP: 28/28 MP: 6/6
  1764 | D:3      | Found a large runed translucent door.
  1764 | D:3      | Found a large runed translucent door.
  1771 | D:3      | Found a corrupted altar of Lugonu.
  1935 | D:3      | You fall into a shaft and drop 3 floors!
  1990 | D:6      | Reached XP level 6. HP: 23/32 MP: 7/7
  2064 | D:6      | Identified the +1 cloak "Guic" {rElec rF- Dex+2}
  2208 | D:6      | Found a staircase to the Ecumenical Temple.
  2321 | D:6      | Noticed a troll
  2376 | D:6      | Mangled by a troll

Illustrated notes

Levels and vault maps discovered:
D:1:      dpeg_arrival_line_fractal, layout_rooms,
          hellmonk_ecumenical_altar_inner_sanctum, minmay_ruptured
D:2:      layout_basic, minmay_tromino_v4_b
D:3:      due_chaos_kobolds, layout_loops_ring
D:6:      layout_basic, minmay_temple_entry_nine_rooms

Skill      XL: |  1  2  3  4  5  6 |
---------------+-------------------+-----
Maces & Flails | 2 3 |  3.1
Fighting       | 3 |  3.7
Shields        | 3 |  3.7
Dodging        | 1 2 |  2.0
Armour         | 3 |  3.3

Action                   |  1- 3 |  4- 6 || total
-------------------------+-------+-------++-------
Melee: Flail             |   127 |   120 ||   247
       Bite              |    29 |    31 ||    60
Armor: Scale mail        |    76 |    65 ||   141
Dodge: Dodged            |    50 |    49 ||    99
Block: Kite shield       |    91 |   102 ||   193
